 Dungeon Crawl Stone Soup version 0.28.0-53-g5a82cb258f (webtiles) character file.

Game seed: 14652118298192063350

66723 enile the Thaumaturge (level 15, 0/135 HPs)
             Began as a Kobold Brigand on May 20, 2022.
             Was a High Priest of Ashenzari.
             Slain by a sixfirhy (12 damage)
             ... summoned by a kobold demonologist
             ... on level 11 of the Dungeon.
             The game lasted 00:56:01 (27887 turns).

enile the Thaumaturge (Kobold Brigand)             Turns: 27887, Time: 00:56:01

Health: 0/135      AC: 16    Str: 21    XL:     15   Next: 63%
Magic:  8/31       EV: 15    Int: 20    God:    Ashenzari [*****.]
Gold:   1019       SH:  0    Dex: 20    Spells: 3/38 levels left

rFire   + + .      SeeInvis +   (weapon currently unavailable)
rCold   x . .      Faith    .   (shield currently unavailable)
rNeg    . . .      Spirit   .   (armour currently unavailable)
rPois   +          Reflect  .   (helmet currently unavailable)
rElec   .          Harm     .   (cloak currently unavailable)
rCorr   .          Rampage  .   (gloves currently unavailable)
Will    +....      Clarity  +   (boots currently unavailable)
Stlth   ++++++....              r - amulet of Ashenzari's Secrets {RegenMP, Fort, Elem} (curse)
HPRegen 0.32/turn               p - ring of the Sky {Wiz, Cun, Alch} (curse)
MPRegen 0.62/turn               h - ring "Thunder Perfect Mind" {Int+6, Fort, Cun} (curse)

@: dragon-form, flying
A: dragon claw, dragon scales, breathe fire, flying, boosted hp, giant, no large
weapons, nightstalker 3
a: Breathe Fire, End Transformation, Renounce Religion, Shatter the Chains


You were on level 11 of the Dungeon.
You worshipped Ashenzari.
Ashenzari was extremely pleased with you.
You were a fearsome dragon!
You visited 2 branches of the dungeon, and saw 17 of its levels.
You also visited: Bailey.

You collected 2106 gold pieces.
You spent 1087 gold pieces at shops.

Inventory:

Hand Weapons
 a - a +2 vampiric rapier
 M - the cursed +6 rapier of the Chained Pleiades (melded) {antimagic, Drain rElec rCorr Str+6, Melee, Comp}
   (You bought it in a shop on level 7 of the Dungeon)

   It reduces the magical energy of the wielder, and disrupts the spells and
   magical abilities of those it strikes.
   Natural abilities and divine invocations are not affected.
   Str:       It affects your strength (+6).
   rElec:     It insulates you from electricity.
   rCorr:     It protects you from acid and corrosion.
   Drain:     It drains your maximum health when unequipped.
   It has a curse which improves the following skills: Melee Combat: Short
   Blades, Long Blades, Axes, Maces & Flails, Polearms, Staves and Unarmed
   Combat.
   Companions: Summonings and Necromancy.
 S - a +4 scimitar
Missiles
 d - 44 poisoned darts (quivered)
 i - a curare-tipped dart
 G - 4 datura-tipped darts
 H - 3 throwing nets
Armour
 b - a +1 helmet of see invisible (melded)
 c - the cursed +0 cloak of Ashenzari's Burden (melded) {Self, Fort}

   It has a curse which improves the following skills: Introspection: Fighting
   and Spellcasting.
   Fortitude: Armour and Shields.
 y - the cursed +0 pair of gloves of Ashenzari's Absolutism (melded) {Alch, Elem}
   (You found it on level 6 of the Dungeon)

   It has a curse which improves the following skills: Alchemy: Poison Magic and
   Transmutations.
   Elements:  Fire Magic, Ice Magic, Air Magic and Earth Magic.
 C - the cursed +2 leather armour of Ashenzari's Sybil (melded) {rF+, Evo, Bglg}
   (You took it off an orc priest on level 5 of the Dungeon)

   It has a curse which improves the following skills: Evocations: Evocations.
   Beguiling: Conjurations, Hexes and Translocations.
 T - the cursed +0 buckler of the Cursed Seer (melded) {Melee, Elem}
   (You took it off a tengu conjurer on level 9 of the Dungeon)

   It has a curse which improves the following skills: Melee Combat: Short
   Blades, Long Blades, Axes, Maces & Flails, Polearms, Staves and Unarmed
   Combat.
   Elements:  Fire Magic, Ice Magic, Air Magic and Earth Magic.
 Y - the +1 robe of Upablax {rPois Archmagi}
   (You found it on level 4 of the Lair of Beasts)

   rPois:     It protects you from poison.
   Archmagi:  It increases the power of your magical spells.
Jewellery
 h - the cursed ring "Thunder Perfect Mind" (right foreclaw) {Int+6, Fort, Cun}
   (You took it off a goblin on level 1 of the Dungeon)

   [ring of intelligence]

   Int:       It affects your intelligence (+6).
   It has a curse which improves the following skills: Fortitude: Armour and
   Shields.
   Cunning:   Dodging and Stealth.
 p - the cursed ring of the Sky (left foreclaw) {Wiz, Cun, Alch}
   (You found it on level 4 of the Lair of Beasts)

   [ring of wizardry]

   It improves your spell success rate.
   It has a curse which improves the following skills: Cunning: Dodging and
   Stealth.
   Alchemy:   Poison Magic and Transmutations.
 r - the cursed amulet of Ashenzari's Secrets (around neck) {RegenMP, Fort, Elem}
   (You found it on level 3 of the Dungeon)

   [amulet of magic regeneration]

   It increases your rate of magic regeneration.
   It has a curse which improves the following skills: Fortitude: Armour and
   Shields.
   Elements:  Fire Magic, Ice Magic, Air Magic and Earth Magic.
 t - a +4 ring of protection
 A - a ring of positive energy
 E - a ring of protection from fire
 Z - a +6 ring of dexterity
Wands
 f - a wand of digging (15)
 l - a wand of flame (54)
 n - a wand of charming (1)
 q - a wand of polymorph (6)
 D - a wand of mindburst (9)
 N - a wand of iceblast (4)
Scrolls
 k - 2 scrolls of blinking
 s - 6 scrolls of noise
 I - a scroll of torment
 J - a scroll of vulnerability
 K - 5 scrolls of fog
 O - a scroll of immolation
 P - a scroll of magic mapping
 Q - 3 scrolls of enchant armour
 U - a scroll of amnesia
 V - a scroll of enchant weapon
 W - a scroll of teleportation
Potions
 g - 2 potions of brilliance
 j - 2 potions of berserk rage
 m - 3 potions of degeneration
 o - a potion of resistance
 u - 3 potions of attraction
 v - a potion of cancellation
 w - 5 potions of flight
 x - 3 potions of mutation
 z - 3 potions of haste
 B - 6 potions of heal wounds
 F - 2 potions of ambrosia
 L - 3 potions of lignification
 R - a potion of might
 X - 3 potions of curing
Miscellaneous
 e - a phantom mirror


   Skills:
 - Level 9.0 Fighting
 - Level 7.1 Short Blades
 - Level 4.3 Throwing
 - Level 2.0(4.5) Armour
 - Level 9.1(12.6) Dodging
 - Level 8.0(11.5) Stealth
 - Level 3.0(5.9) Shields
 - Level 12.4 Spellcasting
 - Level 6.9 Translocations
 + Level 9.7(12.0) Transmutations
 - Level 7.6(10.0) Ice Magic
 - Level 9.2(11.5) Air Magic
 - Level 7.8 Evocations


You had 3 spell levels left.
You knew the following spells:

 Your Spells              Type           Power      Damage    Failure   Level
a - Static Discharge      Conj/Air       35%        N/A       1%          2
b - Swiftness             Air            56%        N/A       1%          3
c - Airstrike             Air            28%        N/A       1%          4
d - Freezing Cloud        Conj/Ice/Air   20%        6-21      3%          5
e - Blink                 Tloc           80%        N/A       1%          2
f - Manifold Assault      Tloc           40%        N/A       3%          5
g - Storm Form            Tmut/Air       28%        N/A       14%         7
h - Dragon Form           Tmut           28%        N/A       13%         7

Your spell library contained the following spells:

 Spells                   Type           Power      Damage    Failure   Level
 Shock                    Conj/Air       100%       1d9       1%          1
 Animate Skeleton         Necr           24%        N/A       2%          1
 Pain                     Necr           48%        1d6       2%          1
 Summon Small Mammal      Summ           48%        N/A       2%          1
 Call Canine Familiar     Summ           12%        N/A       6%          3
 Stone Arrow              Conj/Erth      26%        3d8       6%          3
 Summon Guardian Golem    Hex/Summ       12%        N/A       6%          3
 Vampiric Draining        Necr           12%        2d6       6%          3
 Blade Hands              Tmut           28%        N/A       1%          5
 Iskenderun's Mystic Bla  Conj/Tloc      26%        2d7       5%          4
 Animate Armour           Summ/Erth      26%        N/A       21%         4
 Cause Fear               Hex            6%         N/A       21%         4
 Dispel Undead            Necr           12%        3d9       21%         4
 Fulminant Prism          Conj/Hex       6%         3d7       21%         4
 Sticky Flame             Conj/Fire      13%        2d4       21%         4
 Simulacrum               Ice/Necr       16%        N/A       38%         6
 Lee's Rapid Deconstruct  Erth           6%         3d7*      45%         5
 Iron Shot                Conj/Erth      6%         9d2       95%         6
 Lehudib's Crystal Spear  Conj/Erth      6%         10d3      100%        8
 Dragon's Call            Summ           6%         N/A       100%        9
 Polar Vortex             Ice            25%        N/A       100%        9


Dungeon Overview and Level Annotations

Branches:
Dungeon (11/15)            Temple (0/1) D:7            Lair (6/6) D:10
 Shoals (0/4) Lair:3        Snake (0/4) Lair:2        Slime (0/5) Lair:6
    Orc (0/2) D:10         Bailey (visited)

Altars:
Ashenzari
Cheibriados
Dithmenos
Elyvilon
Fedhas
Gozag
Hepliaklqana
Okawaru
Sif Muna
Uskayaw
Vehumet
Wu Jian
Xom
Zin
Beogh
Jiyva

Shops:
D:6 **   D:7 (

Annotations:
D:10 exclusion: sensed monster (detected)
Lair:4 Rupert


Innate Abilities, Weirdness & Mutations

You are a fearsome dragon!
You have a powerful clawing attack.
Your giant scaled body is strong and resiliant, but less evasive.
You can breathe fire.
You are flying.
Your maximum health is greatly increased.
Your armour is entirely melded.
You are incapable of wielding weapons or throwing items.
You are small and have problems with some larger weapons.
You are completely attuned to the shadows.


Message History

You kill the orc wizard!
The kobold demonologist gestures wildly while chanting.
The sun demon hits you!
You are engulfed in flames.
You resist.
You barely miss the kobold demonologist.
You tail-slap the kobold demonologist, but do no damage.
You bite the kobold demonologist!
The kobold demonologist is severely wounded.
The sun demon completely misses you.
The kobold demonologist hits you but does no damage.
You hit the kobold demonologist.
The kobold demonologist is severely wounded.
The sun demon barely misses you. The kobold demonologist misses you.
You closely miss the kobold demonologist.
Your bite misses the kobold demonologist.
The kobold demonologist is severely wounded.
The sixfirhy hits you but does no damage.
The sun demon hits you!!
You are engulfed in flames.
You resist. The sixfirhy hits you.
* * * LOW HITPOINT WARNING * * *
The sixfirhy shocks you!
* * * LOW HITPOINT WARNING * * *
The kobold demonologist looks braver for a moment.
The sun demon closely misses you.
The sixfirhy hits you but does no damage.
You have got your breath back.
The sixfirhy hits you.
* * * LOW HITPOINT WARNING * * *
The sixfirhy shocks you!
* * * LOW HITPOINT WARNING * * *
The sixfirhy barely misses you. The sixfirhy misses you.
Okay, then.
Blink to where?
Press: ? - help, Dir - move target
As you read the scroll of blinking, it crumbles to dust.
Okay, then.
Okay, then.
The sixfirhy hits you.
* * * LOW HITPOINT WARNING * * *
The sixfirhy shocks you!
You die...

#............, , , *
###..#####..... ,,,, ,
, , * ,.....#...#.....
'' * * *
.....#.,.#..... ,,
,,,,, ,
***###..#...#.....#** *
, ,,,,,,
#..###+#.....#., ,,, ,,
##...........#.. ,
###...........#.. , ,,
###?.......D3.#.. , ,
###...#######.#.. , ,,,
###<..#.....#.#.. ,,, ,
, , ###...#.....#.##. ,
*** ###...#.....+§.#.,
,, ###...##+####{§#. **
, ###.........K{.#..,{
, ,,,
###........C{).#####*,,
, ,
###.........††.......,,
,,


You could see a sixfirhy (summoned).

Vanquished Creatures
  7 hydras
  5 death yaks (Lair:6)
  The ghost of Atherized the Protected, a novice MiBe of Trog (D:6)
  2 orc knights (Bailey)
  2 lindwurms (Lair:2)
  8 elephants
  An ugly thing (D:10)
  7 black mambas
  2 centaur zombies (D:11)
  13 cane toads
  2 rime drakes
  A kobold demonologist (D:11)
  5 komodo dragons
  Maggie (D:6)
  2 tengu conjurers (D:9)
  5 polar bears
  5 trolls
  4 hornets (Lair:6)
  21 blink frogs
  4 dream sheep (Lair:6)
  12 spriggans (Lair:6)
  A wraith (D:10)
  38 yaks
  3 wyverns
  7 basilisks
  A warg (D:11)
  Menkaure (D:7)
  A steam dragon (D:7)
  3 nagas (Lair:2)
  An acid dragon (D:9)
  13 water moccasins
  Duvessa (D:4)
  2 ice beasts
  3 sky beasts
  8 orc warriors
  A necrophage (D:5)
  8 black bears
  4 boggarts (Lair:6)
  22 wolves
  2 ogres
  7 centaurs
  5 kobold brigands (Bailey)
  14 bullfrogs
  6 gnoll sergeants
  A scorpion (D:6)
  Dowan (D:4)
  5 killer bees
  9 wights
  4 howler monkeys
  A bullfrog zombie (D:6)
  8 hounds
  4 jellies
  3 gnoll shamans (D:6)
  4 orc priests
  A bullfrog skeleton (D:6)
  3 iguanas
  9 orc wizards
  A scorpion zombie (D:5)
  Natasha (thrice) (D:4)
  A killer bee zombie (D:8)
  2 hound skeletons
  32 gnolls
  6 adders
  A shadow imp (D:6)
  A worm (D:3)
  2 dart slugs
  28 orcs
  9 endoplasms
  2 giant cockroaches (D:3)
  6 hobgoblins
  9 jackals
  A quokka (D:3)
  5 ball pythons
  2 bats
  2 frilled lizards
  8 goblins
  18 kobolds
  6 rats
  A spectral orc (D:8)
461 creatures vanquished.

Vanquished Creatures (collateral kills)
  A hydra (Lair:3)
  A wolf (Lair:3)
2 creatures vanquished.

Vanquished Creatures (others)
  A bush (Lair:1)
  52 fungi
  57 plants
110 creatures vanquished.

Grand Total: 573 creatures vanquished

Notes
Turn   | Place    | Note
-------+----------+-------------------------------------------
     0 | D:1      | enile the Kobold Brigand began the quest for the Orb.
     0 | D:1      | Reached XP level 1. HP: 12/12 MP: 1/1
   109 | D:1      | Reached XP level 2. HP: 15/18 MP: 2/2
   196 | D:1      | You fall into a shaft and drop 1 floor!
   298 | D:2      | Reached XP level 3. HP: 22/22 MP: 3/3
  1035 | D:3      | Reached XP level 4. HP: 23/27 MP: 4/4
  1696 | D:3      | Reached XP level 5. HP: 32/32 MP: 5/5
  1832 | D:3      | Reached skill level 5 in Short Blades
  2413 | D:3      | Found a snail-covered altar of Cheibriados.
  2700 | D:4      | Noticed Natasha
  2702 | D:4      | Killed Natasha
  2712 | D:4      | Reached XP level 6. HP: 36/37 MP: 6/6
  3081 | D:4      | Noticed Natasha
  3095 | D:4      | Killed Natasha
  3111 | D:4      | Noticed Natasha
  3120 | D:4      | Killed Natasha
  3269 | D:4      | Noticed Duvessa
  3271 | D:4      | Noticed Dowan
  3273 | D:4      | Killed Duvessa
  3274 | D:4      | Reached XP level 7. HP: 43/43 MP: 7/7
  3339 | D:4      | Killed Dowan
  3687 | D:5      | Entered Level 5 of the Dungeon
  3738 | D:5      | Reached skill level 5 in Fighting
  3740 | D:5      | Reached skill level 1 in Evocations
  4119 | D:5      | Reached skill level 5 in Evocations
  4119 | D:5      | Reached XP level 8. HP: 49/49 MP: 8/8
  4325 | D:5      | Found a broken altar of Ashenzari.
  4474 | D:5      | Became a worshipper of Ashenzari the Shackled
  5279 | D:6      | Found a runed translucent gate.
  5298 | D:6      | Found an iron altar of Okawaru.
  5348 | D:6      | Reached skill level 1 in Spellcasting
  5362 | D:6      | Reached skill level 2 in Spellcasting
  5503 | D:6      | Noticed Maggie
  5517 | D:6      | Reached XP level 9. HP: 57/57 MP: 12/12
  5520 | D:6      | Learned a level 2 spell: Static Discharge
  5611 | D:6      | Killed Maggie
  6018 | D:6      | Reached skill level 1 in Armour
  6421 | D:6      | Found Wynim's Gadget Gallery.
  6426 | D:6      | Bought a wand of mindburst (10) for 196 gold pieces
  6448 | D:6      | Learned a level 3 spell: Swiftness
  6919 | D:6      | Found Zin's Purification Station.
  6921 | D:6      | Found a glowing silver altar of Zin.
  7107 | D:6      | Reached * piety under Ashenzari
  7129 | D:6      | Reached skill level 5 in Air Magic
  7134 | D:6      | Learned a level 4 spell: Airstrike
  7567 | D:6      | Found a runed translucent gate.
  7568 | D:6      | Found a runed translucent gate.
  7643 | D:6      | Reached XP level 10. HP: 63/63 MP: 1/13
  8086 | D:6      | Noticed Atherized's ghost (novice MiBe)
  8095 | D:6      | Identified the +9 chain mail "Feeboem" {rElec Int+3 Dex+2}
  8147 | D:7      | Found a shimmering altar of Xom.
  8221 | D:7      | Found Igapih's Weapon Shoppe.
  8340 | D:7      | Found a flagged portal.
  8360 | Bailey   | Entered a bailey
  8468 | Bailey   | Noticed an orc knight
  8473 | Bailey   | Killed an orc knight
  8676 | Bailey   | Noticed an orc knight
  8721 | Bailey   | Killed an orc knight
  9067 | Bailey   | Found an iron altar of Okawaru.
  9226 | D:7      | Found a white marble altar of Elyvilon.
  9331 | D:7      | Reached skill level 3 in Spellcasting
  9341 | D:7      | Noticed Menkaure
  9345 | D:7      | Killed Menkaure
  9494 | D:7      | Found an ornate altar of the Wu Jian Council.
  9494 | D:7      | Found an opulent altar of Gozag.
  9570 | D:7      | Bought the +6 rapier of Asya {antimagic, Drain rElec rCorr
                  | Str+6} for 891 gold pieces
  9652 | D:7      | Found a staircase to the Ecumenical Temple.
  9787 | D:8      | Reached skill level 4 in Spellcasting
 10187 | D:8      | Reached skill level 5 in Spellcasting
 10204 | D:8      | Reached XP level 11. HP: 57/67 MP: 6/18
 10381 | D:8      | Found a hazy altar of Hepliaklqana.
 10994 | D:9      | Found a shimmering blue altar of Sif Muna.
 11084 | D:9      | Reached skill level 6 in Spellcasting
 11306 | D:9      | Reached skill level 7 in Spellcasting
 12159 | D:9      | Reached skill level 8 in Spellcasting
 12159 | D:9      | Reached ** piety under Ashenzari
 12275 | D:9      | Found a hide-covered altar of Uskayaw.
 12396 | D:9      | Found a radiant altar of Vehumet.
 13023 | D:10     | Entered Level 10 of the Dungeon
 13060 | D:10     | Found a staircase to the Lair.
 13214 | D:9      | Reached skill level 1 in Shields
 13733 | D:10     | Found a blossoming altar of Fedhas.
 13738 | D:10     | Noticed a purple ugly thing
 13995 | D:10     | Found a staircase to the Orcish Mines.
 14029 | Lair:1   | Entered Level 1 of the Lair of Beasts
 14143 | Lair:1   | Noticed a six-headed hydra
 14775 | Lair:1   | Reached skill level 9 in Spellcasting
 14782 | Lair:1   | Reached XP level 12. HP: 49/72 MP: 8/25
 15216 | Lair:1   | Reached skill level 10 in Spellcasting
 15753 | Lair:2   | Reached skill level 11 in Spellcasting
 16107 | Lair:2   | Found a staircase to the Snake Pit.
 16341 | Lair:2   | Reached skill level 1 in Ice Magic
 17205 | Lair:3   | Noticed a six-headed hydra
 17216 | Lair:3   | Killed a six-headed hydra
 17223 | Lair:3   | Noticed a six-headed hydra
 17235 | Lair:3   | Killed a six-headed hydra
 17504 | Lair:3   | Reached *** piety under Ashenzari
 17598 | Lair:3   | Reached XP level 13. HP: 21/76 MP: 8/28
 17603 | Lair:3   | Reached skill level 5 in Ice Magic
 17889 | Lair:3   | Noticed a seven-headed hydra
 18704 | Lair:3   | Learned a level 5 spell: Freezing Cloud
 18776 | Lair:3   | Found a staircase to the Shoals.
 18796 | Lair:3   | Learned a level 2 spell: Blink
 18908 | Lair:3   | Found a shadowy altar of Dithmenos.
 19106 | Lair:3   | Killed a seven-headed hydra
 19162 | Lair:3   | Reached skill level 1 in Transmutations
 19471 | Lair:4   | Noticed a seven-headed hydra
 19480 | Lair:4   | Killed a seven-headed hydra
 19741 | Lair:4   | Noticed Rupert
 19759 | Lair:4   | Noticed a four-headed hydra
 20061 | Lair:4   | Identified the +1 robe of Upablax {rPois Archmagi}
 20591 | Lair:4   | Killed a four-headed hydra
 20592 | Lair:4   | Reached skill level 5 in Transmutations
 21605 | Lair:4   | Reached **** piety under Ashenzari
 21779 | Lair:5   | Reached XP level 14. HP: 82/82 MP: 9/29
 22471 | Lair:5   | Reached skill level 5 in Translocations
 22922 | Lair:6   | Entered Level 6 of the Lair of Beasts
 23918 | Lair:6   | Learned a level 5 spell: Manifold Assault
 23926 | Lair:6   | Learned a level 7 spell: Storm Form
 23977 | Lair:6   | Reached XP level 15. HP: 59/88 MP: 9/30
 23983 | Lair:6   | Identified the cursed +0 buckler of the Cursed Seer {Melee,
                  | Elem} (You took it off a tengu conjurer on level 9 of the
                  | Dungeon)
 23983 | Lair:6   | Identified the cursed +2 leather armour of Ashenzari's
                  | Sybil {rF+, Evo, Bglg} (You took it off an orc priest on
                  | level 5 of the Dungeon)
 24711 | Lair:6   | Identified the cursed +0 cloak of Ashenzari's Burden {Self,
                  | Fort}
 24972 | Lair:6   | Reached skill level 12 in Spellcasting
 25238 | Lair:6   | Found a runed translucent door.
 25238 | Lair:6   | Found a viscous altar of Jiyva.
 25239 | Lair:6   | Found a staircase to the Slime Pits.
 25352 | Lair:6   | Identified the +10 chain mail of Xutwicol {-Tele rElec
                  | Str+4 Slay+4}
 26334 | Lair:1   | Identified the +8 trident of Siries {venom, *Noise rPois
                  | rN+ Int+4}
 27598 | D:6      | Reached ***** piety under Ashenzari
 27672 | D:6      | Killed Atherized's ghost
 27679 | D:6      | Identified the cursed +0 pair of gloves of Ashenzari's
                  | Absolutism {Alch, Elem} (You found it on level 6 of the
                  | Dungeon)
 27804 | D:10     | Learned a level 7 spell: Dragon Form
 27887 | D:11     | Slain by a sixfirhy

Illustrated notes

Levels and vault maps discovered:
D:1:      minmay_arrival_stair_chambers, layout_basic,
          hellmonk_ecumenical_altar_arch_garden, minmay_pentomino_r2
D:2:      layout_rooms
D:3:      layout_basic, mainiacjoe_overflow_tiny_flanked
D:4:      layout_basic, chequers_serial_rivers_micro_b, uniq_natasha,
          uniq_duvessa
D:5:      layout_basic, mainiacjoe_overflow_catwalk, serial_glass,
          glass_columns_a, glass_columns_c, minmay_fountain_box,
          dk_noncrumbling_3
D:6:      layout_cave_pools, lemuel_round_altar, zin_purify,
          biasface_ghost_orc_armoury, serial_gnoll_camp, gnoll_camp_huts_basic,
          gnoll_camp_medium_02, gnoll_camp_medium_01, gnoll_camp_mini_doghouse,
          minmay_misc_feat_four_crosses, nicolae_shop_gadgets, uniq_maggie
D:7:      layout_gridville, nicolae_elyvilon_peaceful_grove, xom_teletrap_fun,
          gammafunk_temple_overflow_elements, minmay_temple_entry_glassed_door,
          serial_shops, shop_coins, enter_bailey_5, uniq_menkaure
D:8:      layout_basic, nicolae_hepliaklqana_monster_ancestors
D:9:      layout_irregular_city, mainiacjoe_overflow_alcove_4,
          marbit_many_paths, mainiacjoe_overflow_boulevard
D:10:     layout_grid_maze, fedhas_altar_1, lair_entry_dummy, orc_0_dummy
D:11:     lemuel_castle_with_subvaults [lemuel_castle_interior_original],
          layout_irregular_city
Lair:1:   layout_regular_city, hibernation_bobbens, grunt_megastairs_1
Lair:2:   layout_roguey, guppyfry_snake_entry_garden, nicolae_lair_lindhole,
          lemuel_fruit_fields, lemuel_fruit_tree
Lair:3:   layout_gridlike, shoals_dummy_entry, basic_altar, grunt_megastairs_2
Lair:4:   layout_layer_cave, minmay_stone_trees_small,
          chequers_serial_rivers_large_b, kennysheep_basilisk_garden,
          uniq_rupert
Lair:5:   layout_small_grid, grunt_megastairs_5
Lair:6:   minmay_lair_end_enchanted_forest, layout_gridlike, slime_altar_2

Skill      XL: |  1  2  3  4  5  6  7  8  9 10 11 12 13 14 15 |
---------------+----------------------------------------------+-----
Short Blades   | 3 4 5 6 7 |  7.1
Dodging        | 2 3 4 6 7 9 |  9.1
Fighting       | 3 4 5 7 8 9 |  9.0
Stealth        | 6 8 |  8.0
Evocations     | 5 6 7 |  7.8
Spellcasting   | 2 5 9 11 12 | 12.4
Air Magic      | 5 9 |  9.2
Armour         | 2 |  2.0
Throwing       | 4 |  4.3
Shields        | 3 |  3.0
Ice Magic      | 4 7 |  7.6
Translocations | 2 6 |  6.9
Transmutations | 7 9 |  9.7

Action                   |  1- 3 |  4- 6 |  7- 9 | 10-12 | 13-15 || total
-------------------------+-------+-------+-------+-------+-------++-------
Melee: Dagger            |    55 |    96 |   287 |    62 |       ||   500
       Punch             |       |     1 |     7 |     9 |     1 ||    18
       Rapier            |       |       |       |   337 |   343 ||   680
       Unarmed           |       |       |       |       |   277 ||   277
       Tailslap          |       |       |       |       |     5 ||     5
       Bite              |       |       |       |       |     3 ||     3
Throw: Dart              |     7 |     1 |    22 |    15 |    11 ||    56
       Throwing net      |       |       |       |    20 |       ||    20
 Cast: Airstrike         |       |       |    11 |   151 |    65 ||   227
       Static Discharge  |       |       |     1 |    12 |     2 ||    15
       Swiftness         |       |       |       |     2 |       ||     2
       Freezing Cloud    |       |       |       |       |    17 ||    17
       Blink             |       |       |       |       |     4 ||     4
       Manifold Assault  |       |       |       |       |    28 ||    28
       Storm Form        |       |       |       |       |    14 ||    14
       Dragon Form       |       |       |       |       |     1 ||     1
Invok: Curse Item        |       |       |     2 |     3 |     3 ||     8
 Abil: Blinkbolt         |       |       |       |       |     9 ||     9
       Breathe Fire      |       |       |       |       |     2 ||     2
Evoke: Wand              |       |       |     7 |    15 |     4 ||    26
       Phantom mirror    |       |       |       |     1 |     1 ||     2
  Use: Scroll            |       |       |     8 |     6 |     1 ||    15
       Potion            |       |       |       |       |     1 ||     1
 Stab: Sleeping          |    11 |    18 |    15 |    10 |     3 ||    57
       Distracted        |     1 |     1 |     2 |       |     3 ||     7
       Held in net/web   |       |       |       |     9 |       ||     9
Armor: Robe              |     4 |     9 |    19 |       |       ||    32
       Leather armour    |       |       |    73 |    83 |    48 ||   204
       Skin              |       |       |       |       |    45 ||    45
Dodge: Dodged            |    20 |    36 |   226 |   347 |   571 ||  1200
Block: Buckler           |       |       |       |    24 |    85 ||   109
